 Dungeon Crawl Stone Soup version 0.22.0-38-g04b72b8 (webtiles) character file.

117 sargeantstedanko the Sneak (level 5, -3/34 HPs)
             Began as an Octopode Skald on Aug 30, 2018.
             Slain by a gnoll
             ... wielding a +0 spear
              (8 damage)
             ... on level 4 of the Dungeon.
             The game lasted 00:09:51 (3169 turns).

sargeantstedanko the Sneak (Octopode Skald)         Turns: 3169, Time: 00:09:53

Health: -3/34      AC:  1    Str: 10    XL:     5   Next: 1%
Magic:  8/8        EV: 14    Int: 17    God:
Gold:   60         SH:  0    Dex: 11    Spells: 7/8 levels left

rFire    + . .     SeeInvis .   a - +1 spear
rCold    + . .     Gourm    .   (no shield)
rNeg     . . .     Faith    .   (helmet restricted)
rPois    +         Spirit   .   (no amulet)
rElec    +         Reflect  .   (no ring)
rCorr    +         Harm     .   (no ring)
MR       .....                  (no ring)
Stlth    ++++......             (no ring)
HPRegen  0.11/turn              (no ring)
MPRegen  0.11/turn              (no ring)
                                (no ring)
                                (no ring)

@: resistant, berserk cooldown, slowed, very slow
A: almost no armour, stealthy swim, amphibious, 8 rings, constrict 8, camouflage
1, gelatinous body 1
a: no special abilities


You were on level 4 of the Dungeon.
You were not hungry.

You visited 1 branch of the dungeon, and saw 4 of its levels.

You collected 165 gold pieces.
You spent 105 gold pieces at shops.

Inventory:

Hand Weapons
 a - a +1 spear (weapon)
Scrolls
 b - 2 scrolls of remove curse
 d - 3 scrolls of teleportation {unknown}
 f - 2 scrolls of noise {unknown}
 k - 2 scrolls of blinking {unknown}
 n - a scroll of amnesia {unknown}
Potions
 e - 2 potions of degeneration
 h - a potion of berserk rage
 j - 4 potions of flight
 l - a potion of cancellation {unknown}
 m - a potion of heal wounds {unknown}
 o - a potion of resistance
 p - a potion of haste {unknown}
 q - a potion of invisibility {unknown}
Comestibles
 c - 2 rations


   Skills:
 - Level 2.2 Fighting
 - Level 2.4 Polearms
 - Level 2.8 Dodging
 * Level 4.6 Stealth
 - Level 2.1 Spellcasting
 - Level 3.4 Charms


You had 7 spell levels left.
You knew the following spells:

 Your Spells              Type           Power        Failure   Level  Hunger
a - Infusion              Chrm           ##..         4%          1    #......

Your spell library contained the following spells:

 Spells                   Type           Power        Failure   Level  Hunger
 Song of Slaying          Chrm           ##......     7%          2    ###....
 Shroud of Golubria       Chrm/Tloc      #.........   14%         2    ###....
 Corona                   Hex            #......      19%         1    #......
 Ensorcelled Hibernation  Hex/Ice        #.....       28%         2    ###....
 Regeneration             Chrm/Necr      #.........   28%         3    ###....
 Spectral Weapon          Hex/Chrm       #.......     28%         3    ###....
 Confuse                  Hex            #.......     50%         3    ###....
 Dazzling Spray           Conj/Hex       #.....       50%         3    ###....
 Tukima's Dance           Hex            #.......     50%         3    ###....


Dungeon Overview and Level Annotations

Branches:
Dungeon (4/15)
 Temple: D:4-7

Altars:

Shops:
D:4 ?


Innate Abilities, Weirdness & Mutations

You cannot wear most types of armour.
You are very stealthy in the water. (Stealth+)
You are amphibious.
You can wear up to eight rings at the same time.
You can use your tentacles to constrict eight enemies at once.
Your skin changes colour to match your surroundings (Stealth+).
Your rubbery body absorbs attacks. (AC +1, EV +1)


Message History

There are monsters nearby!
It was a potion of magic.
Magic courses through your body. The gnoll barely misses you.
The gnoll closely misses you.
It was a potion of ambrosia.
You are confused.
You feel invigorated. The gnoll hits you but does no damage.
The gnoll closely misses you.
You feel less invigorated.
You feel less confused.
The gnoll hits you from afar with a spear!
The gnoll hits you with a spear!
* * * LOW HITPOINT WARNING * * *
The gnoll completely misses you.
You barely miss the gnoll. Your grab misses the gnoll.
The gnoll is lightly wounded.
The gnoll barely misses you. The gnoll completely misses you.
The gnoll hits you with a spear.
* * * LOW HITPOINT WARNING * * *
The gnoll hits you from afar with a spear!
You die...

#.# #... #.# ###.
## ######.###### #.
.. #...........# #.
#g #####
#.####.####.# #>
#.##...## #.# #.#
#.# #.
#####)#.....# #.#
#.# #.# #.
......?.....#####.#
#.# #.# #.
#####.#......ggg@.#
#.####.####.
#.##...########
#........... #.
##### ######.#####
## ## #.#
...####.#####
.............
##...........
#.####.##### # #.#


You could see 3 gnolls.

Vanquished Creatures
  A worker ant (D:3)
  A gnoll (D:4)
  An adder (D:3)
  2 worms (D:3)
  2 dart slugs (D:1)
  A leopard gecko (D:3)
  4 orcs (D:3)
  2 ball pythons
  2 giant cockroaches (D:1)
  6 goblins
  9 hobgoblins
  4 jackals (D:1)
  8 bats
  5 frilled lizards
  7 kobolds
  7 rats
62 creatures vanquished.

Notes
Turn   | Place    | Note
-------+----------+-------------------------------------------
     0 | D:1      | sargeantstedanko the Octopode Skald began the quest for the Orb.
     0 | D:1      | Reached XP level 1. HP: 14/14 MP: 3/3
   350 | D:1      | Reached XP level 2. HP: 19/19 MP: 5/5
   825 | D:1      | Reached skill level 1 in Stealth
   896 | D:1      | Reached XP level 3. HP: 18/24 MP: 6/6
  1954 | D:3      | Reached skill level 2 in Stealth
  1954 | D:3      | Reached XP level 4. HP: 18/29 MP: 7/7
  2015 | D:3      | Reached skill level 3 in Stealth
  2623 | D:3      | Reached skill level 4 in Stealth
  3099 | D:4      | Found Orchoum's Magic Scroll Boutique.
  3107 | D:4      | Bought a scroll of enchant weapon for 105 gold pieces
  3152 | D:4      | Reached XP level 5. HP: 10/34 MP: 8/8
  3169 | D:4      | Slain by a gnoll

Skill      XL: |  1  2  3  4 |
---------------+-------------+-----
Stealth        | 1 2 4 |  4.6
Fighting       | |  2.2
Polearms       | |  2.4
Dodging        | |  2.8
Spellcasting   | |  2.1
Charms         | |  3.4

Action                   |  1- 3 |  4- 6 || total
-------------------------+-------+-------++-------
Melee: Spear             |    90 |    93 ||   183
       Constrict         |    25 |    21 ||    46
       Tentacles         |    11 |    15 ||    26
  Use: Scroll            |     3 |     1 ||     4
       Potion            |       |     4 ||     4
 Stab: Sleeping          |     6 |     6 ||    12
  Eat: Ration            |     2 |       ||     2
       Chunk             |     2 |       ||     2
Armor: Skin              |     6 |     5 ||    11
Dodge: Dodged            |    44 |    34 ||    78
